 Dungeon Crawl Stone Soup version 0.21-a0-273-g0785366 (webtiles) character file.

115 nikopol the Magician (level 4, 0/24 HPs)
             Began as a Deep Elf Fire Elementalist on Sept 17, 2017.
             Killed by nerve-wracking pain
             ... invoked by Grinder
              (11 damage)
             ... on level 3 of the Dungeon.
             The game lasted 00:08:47 (2485 turns).

nikopol the Magician (Deep Elf Fire Elementalist)   Turns: 2485, Time: 00:08:47

Health: 0/24       AC:  3    Str:  5    XL:     4   Next: 68%
Magic:  19/21      EV: 13    Int: 21    God:
Gold:   74         SH:  0    Dex: 15    Spells: 6/12 levels left

rFire    . . .     SeeInvis .   i - +0 dagger
rCold    . . .     Gourm    .   (no shield)
rNeg     . . .     Faith    .   a - +0 robe
rPois    .         Spirit   .   (no helmet)
rElec    .         Reflect  .   k - +0 cloak
rCorr    .         Harm     .   (no gloves)
MR       .....                  (no boots)
Stlth    ++........             (no amulet)
HPRegen  0.08/turn              f - ring of magical power
MPRegen  0.17/turn              (no ring)

@: no status effects
A: no striking features
a: no special abilities


You were on level 3 of the Dungeon.
You were hungry.

You visited 1 branch of the dungeon, and saw 3 of its levels.

You collected 74 gold pieces.

Inventory:

Hand Weapons
 e - a +0 dagger
 i - a +0 dagger (weapon)
Armour
 a - a +0 robe (worn)
 k - a +0 cloak (worn)
Jewellery
 f - a ring of magical power (left hand)
Scrolls
 d - 4 scrolls of remove curse
 g - a scroll of fog {unknown}
 h - a scroll of fear {unknown}
 j - 2 scrolls of amnesia
 l - 2 scrolls of recharging {unknown}
 m - 2 scrolls of enchant armour {unknown}
 o - 2 scrolls of identify {unknown}
 s - 2 scrolls of magic mapping {unknown}
 t - a scroll of teleportation {unknown}
Potions
 n - a potion of heal wounds {unknown}
 p - a potion of lignification {unknown}
 u - a potion of brilliance {unknown}
Books
 b - a book of Flames

   Spells                             Type                      Level
   a - Flame Tongue                   Conjuration/Fire             1
   b - Throw Flame                    Conjuration/Fire             2
   c - Conjure Flame                  Conjuration/Fire             3
   d - Inner Flame                    Hexes/Fire                   3
   e - Sticky Flame                   Conjuration/Fire             4
   f - Fireball                       Conjuration/Fire             5
Comestibles
 c - 2 bread rations
 q - 2 meat rations
 r - 2 fruits


   Skills:
 + Level 2.7 Dodging
 + Level 2.7 Stealth
 + Level 4.6 Spellcasting
 + Level 2.2 Conjurations
 + Level 4.4 Fire Magic


You had 6 spell levels left.
You knew the following spells:

 Your Spells              Type           Power        Failure   Level  Hunger
a - Flame Tongue          Conj/Fire      ###..        2%          1    None
b - Throw Flame           Conj/Fire      ###...       4%          2    #......
c - Conjure Flame         Conj/Fire      ###.....     9%          3    ##.....


Dungeon Overview and Level Annotations

Branches:
Dungeon (3/15)

Altars:

Annotations:
D:3 Grinder


Message History

Grinder gestures at you.
You barely resist.
Casting: Flame Tongue
Confirm with . or Enter, or press ? or * to list all spells.
Aiming: Flame Tongue
Press: ? - help, Shift-Dir - straight line, f/p - Grinder
Aim: Grinder (lightly wounded)
The flame tongue hits Grinder.
Grinder is lightly wounded.
The leopard gecko hisses angrily.
Grinder gestures at you.
You suddenly lose the ability to move!
Grinder hits you.
You writhe in agony.
Grinder hits you!
You writhe in agony.
You can move again.
A worm comes into view.
Grinder blinks!
Grinder gestures at you. Pain shoots through your body!
You die...

.... ... #... ....
#... ....#
#..###....?.
####.....w..#
.###.#...5..##.#.#
.......###.l.# #
......# ##..#
.....####@.#
#'#.......#
#....####.#
#.....#...#
######)...#.######
#.......#..........
#.......#...#####.#
#(......#..#(..
#.......#.>......


You could see Grinder and a leopard gecko.

Vanquished Creatures
  The ghost of Yermak the Magician, a weakling VSFi (D:3)
  2 adders (D:2)
  An ooze (D:1)
  A worm (D:2)
  2 dart slugs
  A leopard gecko (D:3)
  6 orcs (D:3)
  10 goblins
  4 hobgoblins
  4 jackals
  5 kobolds
  A ball python (D:1)
  2 bats (D:1)
  A frilled lizard (D:3)
  3 rats
44 creatures vanquished.

Notes
Turn   | Place    | Note
-------+----------+-------------------------------------------
     0 | D:1      | nikopol the Deep Elf Fire Elementalist began the quest for the Orb.
     0 | D:1      | Reached XP level 1. HP: 10/10 MP: 6/6
    67 | D:1      | Reached XP level 2. HP: 15/15 MP: 0/8
  1143 | D:2      | Reached XP level 3. HP: 19/19 MP: 7/9
  1639 | D:2      | Found a faded altar of an unknown god.
  1825 | D:3      | Learned a level 2 spell: Throw Flame
  1829 | D:3      | Learned a level 3 spell: Conjure Flame
  1946 | D:3      | Reached XP level 4. HP: 21/24 MP: 2/12
  2158 | D:3      | Noticed Yermak's ghost (weakling VSFi)
  2229 | D:3      | Killed Yermak's ghost
  2477 | D:3      | Noticed Grinder
  2479 | D:3      | Paralysed by Grinder for 3 turns
  2485 | D:3      | Killed from afar by Grinder

Vault maps used:
D:1:      dpeg_arrival_rhombus, minmay_splitting_lines
D:2:      first_bread, chequers_ecumenical_altar_lobes
D:3:      minmay_misc_feat_alley, uniq_terence, uniq_grinder

Skill      XL: |  1  2  3  4 |
---------------+-------------+-----
Fire Magic     | 4 |  4.4
Spellcasting   | 4 |  4.6
Conjurations   | 2 |  2.2
Dodging        | |  2.7
Stealth        | |  2.7

Action                   |  1- 3 |  4- 6 || total
-------------------------+-------+-------++-------
 Cast: Flame Tongue      |    84 |    32 ||   116
       Conjure Flame     |     1 |     2 ||     3
       Throw Flame       |       |     1 ||     1
  Use: Scroll            |       |     2 ||     2
  Eat: Chunk             |     3 |     1 ||     4
Armor: Robe              |     3 |     1 ||     4
Dodge: Dodged            |    19 |     3 ||    22

Table legend:
 A = Spawn XP
 B = Non-spawn XP
 C = Spawn XP percentage of total XP
 D = Spawn monster count
 E = Non-spawn monster count
 F = Spawn count percentage of total count
 G = Total turns spent on level
                    A         B        C        D         E        F      G
               +---------+---------+-------+---------+---------+-------+---------
         Total |       0 |     165 |   0.0 |       0 |      44 |   0.0 |  2485
               +---------+---------+-------+---------+---------+-------+---------
           D:1 |       0 |      36 |   0.0 |       0 |      17 |   0.0 |  1074
           D:2 |       0 |      48 |   0.0 |       0 |      12 |   0.0 |   739
           D:3 |       0 |      81 |   0.0 |       0 |      15 |   0.0 |   672
               +---------+---------+-------+---------+---------+-------+---------
